Map: Ulrena

Players

RuinBlaster - Winner!

  • Race: Terran Terran
  • League: Master

Miszu

  • Race: Terran Terran
  • League: Master

VOD

Have the link to the VOD?

Description

Time

  • Played on: April 11, 2016, 3:58 p.m.
  • Length: 7:42
Show
View Real Time Build Order
Export as new Build Order

RuinBlaster Terran - Winner!

Build Orders: 1/1/1, Banshee Rush 

Get SALT Encoding   

  12  0:00  SCV  
  13  0:13  SCV  
  14  0:17  Supply Depot  
  14  0:25  SCV  
  15  0:30  Refinery  
  15  0:39  SCV  
  16  0:45  Barracks  
  16  0:54  Refinery  
  16  0:55  SCV  
  17  1:07  SCV  
  18  1:19  SCV  
  19  1:33  Factory, Orbital Command  
  19  1:37  Barracks Reactor  
  19  1:46  Supply Depot  
  19  1:59  SCV  
  20  2:11  SCV  
  20  2:13  Marine x2  
  23  2:17  Starport  
  23  2:19  Factory Tech Lab  
  23  2:23  SCV  
  24  2:31  Marine x2  
  26  2:38  Siege Tank  
  29  2:45  Supply Depot  
  29  2:49  Marine x2  
  31  2:56  Starport Tech Lab  
  31  3:07  Marine x2, SCV  
  37  3:16  Cloaking Field  
  37  3:17  Banshee  
  37  3:24  Marine  
  38  3:36  Supply Depot  
  38  3:38  Cyclone  
  40  3:48  Marine  
  40  3:49  Marine  
  42  4:03  Banshee  
  44  4:20  SCV  
  37  4:29  Marine x2  
  37  4:32  SCV  
  38  4:45  SCV  
  39  4:57  SCV  
  39  4:59  Marine  
  40  5:00  Marine  
  38  5:15  Siege Tank  
  38  5:17  Marine x2  
  38  5:19  Banshee  
  46  5:22  Barracks  
  46  5:23  SCV  
  46  5:26  Command Center  
  47  5:43  SCV  
  47  5:47  Marine x2, Siege Tank  
  49  6:01  SCV  
  47  6:04  Marine  
  47  6:05  Marine, Banshee  
  47  6:10  Barracks Tech Lab, Barracks  
  52  6:14  SCV  
  53  6:29  Supply Depot  
  53  6:36  SCV  
  53  6:37  Marine  
  53  6:38  Marine  
  53  6:39  Cyclone  
  59  6:46  Orbital Command  
  59  6:49  SCV  
  60  6:59  Barracks Tech Lab  
  60  7:01  Marine x2  
  60  7:02  Marine, SCV  
  64  7:21  SCV  
  65  7:23  Marine x3  
  65  7:24  Marine  
  66  7:35  Supply Depot, Refinery  
Show
View Real Time Build Order
Export as new Build Order

Miszu Terran 

Build Orders: 1/1/1 

Get SALT Encoding   

  12  0:00  SCV  
  13  0:12  SCV  
  14  0:18  Supply Depot  
  14  0:24  SCV  
  15  0:29  Refinery  
  15  0:40  SCV  
  16  0:45  Barracks  
  16  0:52  SCV  
  17  1:04  SCV  
  18  1:16  SCV  
  19  1:31  Orbital Command  
  19  1:32  Marine  
  20  1:33  Factory  
  20  1:38  Supply Depot  
  20  1:50  Marine  
  21  1:57  SCV  
  22  2:07  Marine  
  23  2:11  SCV  
  23  2:14  Supply Depot  
  24  2:17  Hellion  
  24  2:18  Starport  
  26  2:23  SCV  
  26  2:25  Marine  
  28  2:35  SCV  
  28  2:37  Supply Depot  
  29  2:38  Hellion  
  31  2:44  Marine  
  31  2:47  SCV  
  33  2:54  Medivac  
  35  2:58  Refinery  
  35  3:00  Supply Depot, SCV  
  35  3:02  Marine, Hellion  
  39  3:12  SCV  
  40  3:15  Engineering Bay  
  40  3:22  Barracks Reactor  
  40  3:24  SCV  
  40  3:26  Factory Tech Lab  
  41  3:36  SCV  
  39  3:47  Siege Tank  
  38  3:51  SCV  
  39  4:00  Marine x2  
  41  4:03  SCV  
  41  4:06  Viking  
  41  4:07  Missile Turret  
  44  4:15  SCV  
  42  4:18  Marine x2  
  38  4:27  SCV  
  34  4:39  SCV  
  34  4:43  Viking  
  37  4:51  SCV  
  38  4:55  Siege Tank  
  41  5:04  SCV  
  37  5:20  Missile Turret  
  38  5:24  Marine  
  38  5:27  Hellion  
  40  5:30  SCV  
  37  5:42  SCV  
  38  5:55  SCV  
  36  6:04  Missile Turret  
  36  6:05  Factory Tech Lab  
  36  6:07  SCV  
  38  6:16  Viking  
  39  6:19  Marine  
  41  6:35  SCV  
  41  6:48  Barracks Reactor  
  41  6:49  SCV  
  41  6:52  Command Center  
  42  7:01  SCV  
  42  7:09  Siege Tank  
  42  7:13  SCV  
  43  7:24  Marine  
  43  7:26  SCV  
Tags
 
Matchup
TvT
Opening
1/1/11/1/1
Race
Terran
Strategy
Banshee Rush
Add a new tag
Caveats
  • Supply blocks, unpowered buildings, or Contaminate may cause inaccurate times.
  • Supply counts are checked every 10 seconds.